AoeStats
← Rafaelbdoo

Arabia

505165058Analyzed
1v1 RM · 26d ago on Sep 8, 2026· 21m 29s· 2 players
Game mode
Random Map
Map size
Tiny (2 player)
Population
200
Speed
Normal
Resources
Standard
Victory
Conquest
Starting age
Dark Age
Ending age
Imperial Age
RankedLock teamsTeams togetherTeam positionsShared explorationLock speedFull tech treeHidden civsTurbo modeCheats
Victory
Defeat
🇺🇸 Sicilians · United States
745
+16
🇧🇷 Inca · Brazil
748
-35
Booming I Promise
10:37 Feudal Age
9:22 Loom
14:31 Double-Bit Axe
20:05 Arson
Rafaelbdoo
11:07 Feudal Age
11:43 Double-Bit Axe
12:25 Gold Mining
18:17 Stone Mining
18:46 Loom
Connection lost

Rejoining the realm…

Still unreachable

The connection could not be restored.

Session expired

The server has moved on; the page needs a fresh start.